 Dungeon Crawl Stone Soup version 0.31-a0-920-g28cbb04a8c (webtiles) character file.

Game seed: 8460884705294413853

14631 MachoJfn the Thaumaturge (level 11, -11/68 HPs)
             Began as a Demonspawn Ice Elementalist on Oct 17, 2023.
             Was a Believer of Dithmenos.
             Mangled by a very large slime creature (54 damage)
             ... on level 12 of the Dungeon.
             The game lasted 00:49:27 (16748 turns).

MachoJfn the Thaumaturge (DsIE)                    Turns: 16748, Time: 00:49:27

Health: -11/68     AC: 15    Str:  8    XL:     11   Next: 91%
Magic:  30/36      EV: 12    Int: 22    God:    Dithmenos [**....]
Gold:   687        SH:  0    Dex: 13    Spells: 14/34 levels left

rFire   . . .        V - staff of cold
rCold   + + .        (no shield)
rNeg    . . .        h - +5 leather armour of Resilience {rC+}
rPois   .            m - +0 helmet
rElec   .            d - +0 cloak
rCorr   .            (no gloves)
SInv    .            p - +2 pair of boots
Will    .....        (no amulet)
Stlth   ++           n - ring of wizardry
HPRegen 0.31/turn    T - ring of magical power
MPRegen 0.50/turn

%: wizardry (x1)
@: wreathed by umbra
A: claws 1, molten scales 1, spiny 2, magic regeneration, wild magic 1,
inability to drink after injury 1
a: Renounce Religion, Shadow Step


You were on level 12 of the Dungeon.
You worshipped Dithmenos.
Dithmenos was pleased with you.
You visited 2 branches of the dungeon, and saw 13 of its levels.

You collected 687 gold pieces.

Inventory:

Hand Weapons
 z - a +2 quarterstaff of chaos
 N - a +5 war axe
 U - a -1 demon whip of venom
 Y - the +4 sling of Udouliwu {freeze, Dex+3}
   (You found it on level 11 of the Dungeon)

   Dex+3:     It affects your dexterity (+3).
Missiles
 c - 130 stones (quivered)
 e - 5 curare-tipped darts
 i - 63 poisoned darts
 s - 6 boomerangs
 t - 9 javelins
 F - a throwing net
 H - 7 atropa-tipped darts
Armour
 d - a +0 cloak (worn)
 h - the +5 leather armour of Resilience (worn) {rC+}
   (You found it on level 3 of the Dungeon)

   rC+:       It protects you from cold.
 m - a +0 helmet (worn)
 p - a +2 pair of boots (worn)
 y - a +4 plate armour of cold resistance
Magical Staves
 V - a staff of cold (weapon)
 Z - a staff of poison
Jewellery
 f - a +6 ring of strength
 n - a ring of wizardry (left claw)
 q - a ring of protection from cold
 L - a ring of see invisible
 R - a ring of protection from fire
 T - a ring of magical power (right claw)
 X - a ring of resist corrosion
Wands
 l - a wand of paralysis (19)
 C - a wand of digging (6)
 I - a wand of polymorph (3)
 K - a wand of flame (20)
 O - a wand of light (10)
 W - a wand of roots (3)
Scrolls
 a - a scroll of fog
 o - 3 scrolls of noise
 v - 4 scrolls of teleportation
 w - 2 scrolls of torment
 A - 4 scrolls of immolation
 B - 2 scrolls of poison
 E - 3 scrolls of identify
 G - 2 scrolls of silence
 M - a scroll of fear
 S - a scroll of amnesia
Potions
 b - a potion of magic
 g - a potion of heal wounds
 j - a potion of attraction
 k - 2 potions of haste
 r - 3 potions of lignification
 u - 2 potions of brilliance
 x - 3 potions of degeneration
 D - a potion of berserk rage
 J - 2 potions of enlightenment
 P - 4 potions of curing
 Q - a potion of cancellation


   Skills:
 + Level 0.4 Short Blades
 + Level 0.5 Staves
 + Level 3.7 Armour
 + Level 3.6 Dodging
 - Level 2.0 Stealth
 + Level 12.1 Spellcasting
 + Level 0.7 Conjurations
 + Level 4.4 Summonings
 + Level 11.9 Ice Magic
 + Level 0.3 Invocations


You had 14 spell levels left.
You knew the following spells:

 Your Spells              Type           Power      Damage    Failure   Level
a - Freeze                Ice            100%       1d10      1%          1
b - Frozen Ramparts       Ice            100%       1d16      1%          3
c - Ozocubu's Armour      Ice            91%        N/A       1%          3
d - Summon Ice Beast      Ice/Summ       77%        N/A       1%          4
e - Hailstorm             Conj/Ice       69%        3d14      1%          3
f - Simulacrum            Ice/Necr       33%        N/A       38%         6

Your spell library contained the following spells:

 Spells                   Type           Power      Damage    Failure   Level
 Ensorcelled Hibernation  Hex/Ice        100%       N/A       1%          2
 Apportation              Tloc           34%        N/A       4%          1
 Foxfire                  Conj/Fire      76%        2x1d7     4%          1
 Kiss of Death            Conj/Necr      76%        2d11      4%          1
 Static Discharge         Conj/Air       38%        2-4/arc   5%          2
 Jinxbite                 Hex            34%        N/A       6%          2
 Passwall                 Tmut/Erth      14%        N/A       6%          2
 Poisonous Vapours        Pois/Air       34%        N/A       6%          2
 Scorch                   Fire           34%        2d6       6%          2
 Metabolic Englaciation   Hex/Ice        33%        N/A       9%          5
 Mephitic Cloud           Conj/Pois/Air  18%        N/A       11%         3
 Confusing Touch          Hex            17%        N/A       12%         3
 Swiftness                Air            17%        N/A       12%         3
 Animate Armour           Summ/Erth      60%        N/A       14%         4
 Summon Lightning Spire   Summ/Air       30%        N/A       14%         4
 Freezing Cloud           Conj/Ice/Air   29%        6-21      17%         5
 Flame Wave               Conj/Fire      19%        2d7       30%         4
 Airstrike                Air            8%         2d(2-18)  32%         4
 Animate Dead             Necr           17%        N/A       32%         4
 Dispel Undead            Necr           17%        3d10      32%         4
 Petrify                  Tmut/Erth      17%        N/A       32%         4
 Summon Cactus Giant      Summ           21%        N/A       58%         6
 Alistair's Intoxication  Tmut/Pois      11%        N/A       63%         5
 Borgnjor's Vile Clutch   Necr/Erth      8%         N/A       63%         5
 Lee's Rapid Deconstruct  Erth           8%         3d7*      63%         5
 Starburst                Conj/Fire      9%         6d5       98%         6
 Death Channel            Necr           8%         N/A       99%         6
 Plasma Beam              Fire/Air       8%         2x1d19    99%         6


Dungeon Overview and Level Annotations

Branches:
Dungeon (12/15)            Temple (1/1) D:5            Lair (0/5) D:9
    Orc (0/2) D:9

Altars:
Ashenzari
Cheibriados
Dithmenos
Fedhas
Gozag
Hepliaklqana
Kikubaaqudgha
Makhleb
Nemelex Xobeh
Okawaru
Qazlal
Ru
Sif Muna
Trog
Uskayaw
Vehumet
Wu Jian
Xom
Yredelemnul

Shops:
D:9 [


Innate Abilities, Weirdness & Mutations

You have sharp fingernails.
You are partially covered in molten scales. (AC +2)
You are mostly covered in sharp spines.
You regenerate magic rapidly.
Your spells are a little harder to cast, but a little more powerful.
You occasionally lose the ability to drink potions when taking damage.


Message History

Press: ? - help, Dir - look around, f - activate
Okay, then.
Your icy armour cracks and falls away as you move.
The frozen ramparts melt away as you move.
The slime creature attacks as it pursues you!
The slime creature is struck by your spines.
The slime creature hits you but does no damage.
Two slime creatures merge to form a very large slime creature.
The slime creature is struck by your spines.
The slime creature closely misses you.
Casting: Hailstorm (safe; 1% risk of failure)
Confirm with . or Enter, or press ? or * to list all spells.
Aiming: Freeze (safe; 1% risk of failure)
Press: ? - help, Shift-Dir - straight line, f - slime creature
Aim: a slime creature (moderately wounded, ally target, umbra)
You feel a surge of power!
You freeze the slime creature.
The slime creature is moderately wounded.
The very large slime creature is struck by your spines.
The very large slime creature hits you but does no damage.
Your ice beast hits the very large slime creature.
Your ice beast freezes the very large slime creature!!
The slime creature closely misses you.
You feel better.
The very large slime creature is struck by your spines.
The very large slime creature hits you.
Your ice beast hits the very large slime creature.
Your ice beast freezes the very large slime creature!!
The slime creature is struck by your spines.
The slime creature hits you!
You feel much better.
The very large slime creature is struck by your spines.
The very large slime creature misses you.
Your ice beast hits the very large slime creature.
Your ice beast freezes the very large slime creature!
The slime creature hits you.
You hit the very large slime creature.
The very large slime creature is heavily wounded.
The very large slime creature hits you!!!
Ouch! That really hurt!
You die...

.. #...###......#....#.#....#
#. .....##.....###.........##
##..........#...............#
#...#..............##
#..............>...##
##........#..........#
..........#.........##
.......Y..###..#...##
.......J@...##.#####
.......J...#####
.......##...# ......# ....#
..^... #.## ...... .# ....#
## ....


You could see a very large slime creature, a slime creature (ally target) and a
friendly ice beast (summoned).

Vanquished Creatures
  Fannar (D:11)
  A boulder beetle (D:11)
  2 two-headed ogres
  Amaemon (D:10)
  A deep elf pyromancer (D:11)
  An ugly thing (D:10)
  A gargoyle (D:11)
  An orange demon (D:10)
  An efreet (D:10)
  An unseen horror (D:11)
  A hornet (D:9)
  2 trolls
  A vampire (D:8)
  2 wraiths
  Eustachio (D:4)
  2 wyverns
  6 yaks
  Menkaure (D:6)
  2 vampire mosquitoes (D:11)
  An acid dragon (D:11)
  Duvessa (D:7)
  A water moccasin (D:5)
  3 orc warriors
  An ice beast (D:5)
  2 sky beasts
  3 black bears
  A phantom (D:5)
  2 kobold brigands
  2 gnoll sergeants (D:7)
  2 bullfrogs
  3 scorpions (D:4)
  3 wights
  Dowan (D:7)
  A killer bee (D:10)
  A nameless horror (D:9)
  A howler monkey (D:8)
  A hound (D:6)
  A gnoll bouda (D:8)
  8 orc priests
  Crazy Yiuf (D:5)
  2 jellies (D:6)
  A centaur skeleton (D:3)
  2 sleepcaps (D:5)
  2 iguanas
  9 orc wizards
  A scorpion zombie (D:3)
  9 gnolls
  3 adders
  An adder skeleton (D:3)
  4 adder zombies (D:3)
  32 orcs
  9 ball pythons
  4 bats
  3 endoplasms
  3 giant cockroaches
  8 goblins
  12 hobgoblins
  4 jackals (D:1)
  5 quokkas
  A ball python skeleton (D:3)
  A frilled lizard (D:2)
  A jackal zombie (D:3)
  19 kobolds
  8 rats
  A rat zombie (D:6)
214 creatures vanquished.

Vanquished Creatures (collateral kills)
  2 two-headed ogres (D:11)
  Urug (D:12)
  A cyclops (D:11)
  A troll (D:12)
  A nameless horror (D:7)
  2 slime creatures (D:12)
  A vampire (D:10)
  A wraith (D:10)
  2 yaks (D:8)
  A steam dragon (D:9)
  A kobold brigand (D:9)
  5 wights
  2 killer bees (D:10)
  An orc priest (D:7)
  An iguana (D:7)
  6 orc wizards
  2 gnolls
  2 orcs
  4 kobolds (D:9)
37 creatures vanquished.

Grand Total: 251 creatures vanquished

Notes
Turn   | Place    | Note
-------+----------+-------------------------------------------
     0 | D:1      | MachoJfn the Demonspawn Ice Elementalist began the quest
                  | for the Orb.
     0 | D:1      | Reached XP level 1. HP: 13/13 MP: 3/3
   262 | D:1      | Gained mutation: You are partially covered in sharp spines.
                  | [demonic ancestry]
   262 | D:1      | Reached XP level 2. HP: 18/19 MP: 0/5
   657 | D:1      | Gained mutation: You are mostly covered in sharp spines.
                  | [demonic ancestry]
   657 | D:1      | Reached XP level 3. HP: 24/24 MP: 4/6
   731 | D:1      | Learned a level 3 spell: Frozen Ramparts
  1531 | D:2      | Gained mutation: You occasionally lose the ability to drink
                  | potions when taking damage. [potion of mutation]
  1531 | D:2      | Gained mutation: Your spells are a little harder to cast,
                  | but a little more powerful. [potion of mutation]
  1728 | D:2      | Reached skill level 3 in Spellcasting
  1970 | D:3      | Learned a level 3 spell: Ozocubu's Armour
  1983 | D:3      | Gained mutation: You are partially covered in molten
                  | scales. (AC +2) [demonic ancestry]
  1983 | D:3      | Reached XP level 4. HP: 30/30 MP: 4/8
  2145 | D:3      | Identified the +5 leather armour of Resilience {rC+}
  2251 | D:3      | Gained mutation: You have sharp fingernails. [demonic
                  | ancestry]
  2251 | D:3      | Reached XP level 5. HP: 35/35 MP: 5/10
  3494 | D:4      | Reached skill level 4 in Spellcasting
  3494 | D:4      | Reached skill level 5 in Ice Magic
  3596 | D:4      | Learned a level 4 spell: Summon Ice Beast
  3682 | D:4      | Reached XP level 6. HP: 39/41 MP: 6/12
  4127 | D:4      | Reached skill level 5 in Spellcasting
  4286 | D:4      | Noticed Eustachio
  4293 | D:4      | Killed Eustachio
  4294 | D:4      | Reached XP level 7. HP: 46/46 MP: 4/15
  4654 | D:5      | Entered Level 5 of the Dungeon
  4703 | D:5      | Reached skill level 1 in Armour
  4883 | D:5      | Found a runed translucent door.
  4884 | D:5      | Noticed Crazy Yiuf
  5273 | D:5      | Killed Crazy Yiuf
  5356 | D:5      | Reached skill level 6 in Spellcasting
  5481 | D:5      | Found a staircase to the Ecumenical Temple.
  5496 | Temple   | Entered the Ecumenical Temple
  5669 | Temple   | Became a worshipper of Dithmenos the Shadowed
  5760 | D:5      | Reached XP level 8. HP: 52/52 MP: 9/17
  6572 | D:6      | Learned a level 3 spell: Hailstorm
  6605 | D:6      | Noticed Menkaure
  6611 | D:6      | Killed Menkaure
  6741 | D:6      | Found an opulent altar of Gozag.
  6827 | D:6      | Reached skill level 7 in Spellcasting
  7300 | D:6      | Found an ancient bone altar of Kikubaaqudgha.
  8005 | D:7      | Noticed a nameless horror
  8041 | D:7      | Reached XP level 9. HP: 40/57 MP: 5/20
  8049 | D:7      | Reached * piety under Dithmenos
  8310 | D:7      | Reached skill level 8 in Spellcasting
  8378 | D:7      | Killed a nameless horror
  8430 | D:7      | Noticed Duvessa
  8444 | D:7      | Killed Duvessa
  8450 | D:7      | Noticed Dowan
  8452 | D:7      | Killed Dowan
  8453 | D:7      | Reached skill level 1 in Summonings
 10321 | D:8      | Found a hazy altar of Hepliaklqana.
 10780 | D:8      | Noticed a two-headed ogre
 10788 | D:8      | Killed a two-headed ogre
 10789 | D:8      | Reached skill level 9 in Spellcasting
 11049 | D:8      | Reached XP level 10. HP: 63/63 MP: 15/23
 11678 | D:9      | Found a radiant altar of Vehumet.
 12261 | D:9      | Found a staircase to the Lair.
 12473 | D:9      | Found a sparkling altar of Nemelex Xobeh.
 12474 | D:9      | Found a sacrificial altar of Ru.
 12494 | D:9      | Found Coapytz's Antique Armour Boutique.
 12761 | D:9      | Found a staircase to the Orcish Mines.
 12774 | D:9      | Reached ** piety under Dithmenos
 13169 | D:9      | Reached skill level 10 in Spellcasting
 13380 | D:10     | Entered Level 10 of the Dungeon
 13428 | D:10     | Reached skill level 10 in Ice Magic
 14123 | D:10     | Noticed a two-headed ogre
 14133 | D:10     | Killed a two-headed ogre
 14134 | D:10     | Gained mutation: You regenerate magic rapidly. [demonic
                  | ancestry]
 14134 | D:10     | Reached XP level 11. HP: 45/68 MP: 19/25
 14528 | D:11     | Noticed Amaemon
 14528 | D:11     | Noticed a purple ugly thing
 14540 | D:10     | Killed a purple ugly thing
 14560 | D:10     | Killed Amaemon
 14561 | D:10     | Reached skill level 11 in Spellcasting
 15208 | D:11     | Noticed Fannar
 15245 | D:11     | Killed Fannar
 15538 | D:11     | Noticed a deep elf pyromancer
 15555 | D:11     | Killed a deep elf pyromancer
 15708 | D:11     | Noticed a boulder beetle
 15728 | D:11     | Killed a boulder beetle
 15755 | D:11     | Identified the +4 sling of Udouliwu {freeze, Dex+3}
 15838 | D:11     | Identified the +1 scale mail of Hawynah {rElec}
 16140 | D:11     | Found an opulent altar of Gozag.
 16388 | D:12     | Identified the of Zoriam
 16388 | D:12     | Noticed a two-headed ogre
 16388 | D:12     | Noticed a two-headed ogre
 16397 | D:11     | Killed a two-headed ogre
 16543 | D:11     | Killed a two-headed ogre
 16544 | D:11     | Reached skill level 12 in Spellcasting
 16590 | D:11     | Learned a level 6 spell: Simulacrum
 16652 | D:12     | Noticed Urug
 16659 | D:12     | Killed Urug
 16748 | D:12     | Mangled by a very large slime creature

Illustrated notes

Levels and vault maps discovered:
D:1:      lightli_arrival_statuegarden, layout_loops_ring,
          grunt_decor_mini_mirrors, minmay_cut_off
D:2:      layout_basic, chequers_jeans
D:3:      layout_rooms, serial_undead, serial_undead_b, serial_undead_b,
          serial_undead_a, serial_undead_f, serial_undead_a, serial_undead_f,
          serial_undead_e, serial_undead_f, serial_undead_c, serial_undead_c,
          minmay_quadrilaterals
D:4:      layout_rooms, serial_co_window_serial, co_window_of_opportunity_a,
          co_window_paths_b, co_window_paths_a, co_window_corner_a,
          co_window_cross_1, co_window_corner_a, co_window_corner_a,
          co_window_corner_ca, co_window_unsneaky_path_e,
          co_window_of_opportunity_b, co_window_of_opportunity_b,
          co_window_of_opportunity_b, co_window_paths_d, uniq_eustachio
D:5:      layout_loops_ring, minmay_temple_entry_junction,
          uniq_crazy_yiuf_cottage
D:6:      layout_loops_ring, mainiacjoe_overflow_boulevard,
          lemuel_zombie_altar_kikubaaqudgha, uniq_menkaure
D:7:      layout_layer_cave, uniq_duvessa
D:8:      layout_basic, mainiacjoe_overflow_alcove_1
D:9:      layout_roguey, mainiacjoe_overflow_divided_tiny,
          mainiacjoe_overflow_concentric_impassable, lair_entry_dummy,
          minmay_orc_entry_temple_small, serial_shops,
          nicolae_shop_advertising_works [nicolae_subvault_shop_adworks]
D:10:     layout_loops_ring, serial_glass, glass_columns_c, glass_columns_a,
          glass_columns_a, glass_columns_b, glass_columns_a, glass_columns_b,
          glass_columns_b, glass_columns_a, glass_columns_b, glass_columns_a,
          enter_bailey_4
D:11:     layout_roguey, grunt_gozag_breadcrumbs, uniq_fannar, uniq_amaemon
D:12:     layout_cave_pools, uniq_urug
Temple:   compressed_dpeg_triangle_lava_temple

Skill      XL: |  1  2  3  4  5  6  7  8  9 10 11 |
---------------+----------------------------------+-----
Ice Magic      | 4 5 6 7 9 10 11 | 11.9
Stealth        | 2 |  2.0
Spellcasting   | 3 4 5 6 7 9 10 12 | 12.1
Dodging        | 2 3 |  3.6
Armour         | 1 2 3 |  3.7
Summonings     | 2 3 4 |  4.4
Short Blades   | |  0.4
Staves         | |  0.5
Conjurations   | |  0.7
Invocations    | |  0.3

Action                     |  1- 3 |  4- 6 |  7- 9 | 10-12 || total
---------------------------+-------+-------+-------+-------++-------
  Melee: Unarmed           |    18 |       |       |       ||    18
         Short sword       |    13 |    20 |     5 |       ||    38
         Punch             |       |     1 |       |       ||     1
         Quarterstaff      |       |       |     6 |    10 ||    16
         War axe           |       |       |       |    25 ||    25
         Staff             |       |       |       |     1 ||     1
  Throw: Stone             |       |       |     3 |       ||     3
   Cast: Freeze            |    56 |    25 |    63 |    99 ||   243
         Frozen Ramparts   |     7 |    24 |    47 |    36 ||   114
         Ozocubu's Armour  |       |     5 |    15 |    11 ||    31
         Summon Ice Beast  |       |       |    23 |    33 ||    56
         Hailstorm         |       |       |     3 |    16 ||    19
 Invoke: Shadow Step       |       |       |       |     1 ||     1
    Use: Scroll            |     4 |     3 |     8 |     5 ||    20
         Potion            |     4 |     2 |     3 |     5 ||    14
   Stab: Distracted        |       |       |       |     1 ||     1
 Armour: Robe              |    36 |     7 |       |       ||    43
         Leather armour    |       |    17 |    76 |   166 ||   259
  Dodge: Dodged            |    47 |    25 |    45 |   125 ||   242

Table legend: (Time is in decaauts)
 A = Elapsed time spent in this place.
 B = Non-inter-level travel time spent in this place.
 C = Inter-level travel time spent in this place.
 D = Time resting spent in this place.
 E = Time spent auto-exploring this place.
 F = Levels seen in this place.
 G = Mean time per level.
                   A        B        C        D        E       F      G
               +--------+--------+--------+--------+--------+-----+--------+
         Total |  16764 |  15639 |   1125 |   6107 |   7085 |  13 | 1289.5 |
       Dungeon |  16572 |  15519 |   1053 |   5990 |   7085 |  12 | 1381.0 |
        Temple |    191 |    119 |     72 |    117 |      0 |   1 |  191.0 |
               +--------+--------+--------+--------+--------+-----+--------+

Top non-repeatable levels by time:
     D:7: 2468 daAuts
     D:9: 1725 daAuts
     D:8: 1647 daAuts
    D:10: 1629 daAuts
    D:11: 1598 daAuts
     D:3: 1475 daAuts
     D:4: 1411 daAuts
     D:5: 1366 daAuts
     D:6: 1212 daAuts
     D:1: 1158 daAuts
     D:2: 712 daAuts
  Temple: 191 daAuts
    D:12: 165 daAuts
